 Dungeon Crawl Stone Soup version 0.22-a0-160-gcc81d7a (webtiles) character file.

49 Borgoz the Skirmisher (level 3, -7/34 HPs)
             Began as a Hill Orc Abyssal Knight on Feb 10, 2018.
             Was a Believer of Lugonu.
             Mangled by a gnoll
             ... wielding a cursed -2 flail
              (11 damage)
             ... on level 1 of the Dungeon.
             The game lasted 00:01:55 (1323 turns).

Borgoz the Skirmisher (Hill Orc Abyssal Knight)     Turns: 1323, Time: 00:01:56

Health: -7/34      AC:  3    Str: 14    XL:     3   Next: 77%
Magic:  5/5        EV: 11    Int: 12    God:    Lugonu [**....]
Gold:   79         SH:  0    Dex: 11    Spells: 2/2 levels left

rFire    . . .     SeeInvis .   a - +1 hand axe
rCold    . . .     Gourm    .   (no shield)
rNeg     . . .     Faith    .   b - +0 leather armour
rPois    .         Spirit   .   (no helmet)
rElec    .         Reflect  .   (no cloak)
rCorr    .         Harm     .   (no gloves)
MR       .....                  (no boots)
Stlth    +.........             (no amulet)
HPRegen  0.11/turn              (no ring)
MPRegen  0.09/turn              (no ring)

@: invisible
A: no striking features
a: Depart the Abyss, Bend Space, Renounce Religion


You were on level 1 of the Dungeon.
You worshipped Lugonu.
Lugonu was pleased with you.
You were not hungry.

You visited 1 branch of the dungeon, and saw 2 of its levels.
You visited the Abyss 1 time.

You collected 79 gold pieces.

Inventory:

Hand Weapons
 a - a +1 hand axe (weapon)
Armour
 b - a +0 leather armour (worn)
Scrolls
 f - a scroll of fog {unknown}
 g - 4 scrolls of identify {unknown}
 h - 2 scrolls of teleportation {unknown}
 i - a scroll of magic mapping {unknown}
Potions
 e - a potion of curing {unknown}
 j - a potion of mutation {unknown}
 l - a potion of cancellation {unknown}
 m - 2 potions of ambrosia {unknown}
Comestibles
 c - a ration


   Skills:
 + Level 4.4 Fighting
 + Level 3.6 Axes
 + Level 2.4 Armour
 + Level 1.2 Dodging
 + Level 2.7 Invocations


You had 2 spell levels left.
You didn't know any spells.

Dungeon Overview and Level Annotations

Branches:
Dungeon (2/15)

Altars:

Annotations:
D:2 Jessica


Message History

The gnoll is moderately wounded.
You hit the gnoll. You hit the goblin. The gnoll barely misses you.
The goblin closely misses you. The gnoll closely misses you.
You barely miss the gnoll.
The gnoll is moderately wounded.
You hit the goblin but do no damage. You barely miss the gnoll.
The gnoll closely misses you. The goblin barely misses you.
The gnoll barely misses you.
You hit the gnoll but do no damage.
The gnoll is moderately wounded.
You completely miss the goblin. You hit the gnoll. The gnoll hits you!
* * * LOW HITPOINT WARNING * * *
The goblin hits you.
* * * LOW HITPOINT WARNING * * *
Unknown command.
It was a potion of invisibility.
You fade into invisibility!
The gnoll hits you but does no damage.
The gnoll hits you with an enchanted flail!
You die...

########### #..(. #.........#
#.... #.........# #....
#.........########## #....
#.........##.......####....
#..........+...............
#..........#...........#..#
#.........g#...........#...
#........g@................
#######..g.)....##........#
###########.....#######...##.##
#...............# #...##.##
#...............# #...##.#
#...............# #...##.#
#........)..###.#### ##...##.#
#..................###....##.#
#..........###............##.#


You could see 2 gnolls and a goblin.

Vanquished Creatures
  Robin (D:1)
  2 dart slugs (D:1)
  A giant cockroach (D:2)
  3 hobgoblins (D:1)
  4 jackals (D:1)
  3 bats (D:1)
  14 goblins
  A rat (D:1)
29 creatures vanquished.

Notes
Turn   | Place    | Note
-------+----------+-------------------------------------------
     0 | Abyss:1  | Borgoz the Hill Orc Abyssal Knight began the quest for the Orb.
     0 | Abyss:1  | Reached XP level 1. HP: 19/19 MP: 2/2
    20 | Abyss:1  | Noticed an orange demon
    20 | D:1      | Escaped the Abyss
    94 | D:1      | Reached * piety under Lugonu
   136 | D:1      | Reached XP level 2. HP: 25/27 MP: 3/3
   254 | D:1      | Reached skill level 4 in Fighting
   877 | D:2      | Noticed Robin
   878 | D:2      | Reached XP level 3. HP: 33/33 MP: 5/5
  1066 | D:2      | Noticed Jessica
  1235 | D:1      | Reached ** piety under Lugonu
  1239 | D:1      | Killed Robin
  1239 | D:1      | Reached skill level 1 in Dodging
  1323 | D:1      | Mangled by a gnoll

Vault maps used:
D:1:      sevenhm_arrival_forest_fort_large_4
D:2:      lemuel_doored_altar, uniq_jessica, uniq_robin

Skill      XL: |  1  2  3 |
---------------+----------+-----
Axes           | 3 |  3.6
Fighting       | 4 |  4.4
Dodging        | 1 |  1.2
Armour         | |  2.4
Invocations    | |  2.7

Action                   || total
-------------------------++-------
Melee: Hand axe          ||    63
Invok: Depart the Abyss  ||     1
  Use: Potion            ||     1
  Eat: Chunk             ||     1
Armor: Leather armour    ||    14
Dodge: Dodged            ||    51

Table legend:
 A = Spawn XP
 B = Non-spawn XP
 C = Spawn XP percentage of total XP
 D = Spawn monster count
 E = Non-spawn monster count
 F = Spawn count percentage of total count
 G = Total turns spent on level
                    A         B        C        D         E        F      G
               +---------+---------+-------+---------+---------+-------+---------
         Total |       0 |      71 |   0.0 |       0 |      29 |   0.0 |  1323
               +---------+---------+-------+---------+---------+-------+---------
           D:1 |       0 |      65 |   0.0 |       0 |      26 |   0.0 |  1290
           D:2 |       0 |       6 |   0.0 |       0 |       3 |   0.0 |    13
               +---------+---------+-------+---------+---------+-------+---------
